 Dungeon Sprint DCSS version 0.30.1-11-g7821555f0a (webtiles) character file.

Game seed: 16835968101734741668

488 Groucho the Deliberate (level 7, -9/105 HPs)
             Began as a Naga Fighter on Jan 2, 2024.
             Was a Follower of Cheibriados.
             Mangled by a two-headed ogre
             ... wielding a +0 giant spiked club
              (21 damage)
             ... in the Dungeon (Sprint IX: "|||||||||||||||||||||||||||||").
             The game lasted 00:01:29 (440 turns).

Groucho the Deliberate (Naga Fighter)                Turns: 440, Time: 00:01:30

Health: -9/105     AC: 11    Str: 21    XL:     7   Next: 13%
Magic:  12/14      EV:  7    Int: 12    God:    Cheibriados [*.....]
Gold:   0          SH:  6    Dex: 18    Spells: 6/6 levels left

rFire   . . .        a - +0 war axe
rCold   . . .        c - +0 buckler
rNeg    . . .        o - +1 scale mail
rPois   +            n - +0 helmet
rElec   .            (no cloak)
rCorr   .            (no gloves)
SInv    +            (no barding)
Will    .....        (no amulet) Stlth
                     b - +2 ring of protection
HPRegen 0.37/turn    p - +3 ring of dexterity
MPRegen 0.14/turn

%: no teleportation
@: berserking (expiring), lethally poisoned (-9 -> -10), very slow
A: AC +2, large, see invisible, deformed body, poison resistance, slowness 2,
spit poison 1, naga tail 1
a: Spit Poison, Renounce Religion, Bend Time


You were in the Dungeon.
You worshipped Cheibriados.
Cheibriados was aware of your devotion.
You visited 1 branch

Inventory:

Hand Weapons
 a - a +0 war axe (weapon)
Armour
 c - a +0 buckler (worn)
 n - a +0 helmet (worn)
 o - a +1 scale mail (worn)
Jewellery
 b - a +2 ring of protection (left hand)
 p - a +3 ring of dexterity (right hand)
Wands
 m - a wand of light (10)
Scrolls
 j - 2 scrolls of blinking
 l - 2 scrolls of amnesia
Potions
 d - a potion of might
 e - 4 potions of curing
 g - a potion of haste
 h - 4 potions of magic


   Skills:
 + Level 6.6 Fighting
 + Level 6.3 Axes
 + Level 5.6 Armour
 + Level 6.2 Shields
 * Level 9.3 Invocations


You had 6 spell levels left.
You didn't know any spells.
Your spell library was empty.

Dungeon Overview and Level Annotations

Branches:
Dungeon (1/1)

Altars:
Cheibriados
Dithmenos
Elyvilon
Fedhas
Gozag
Hepliaklqana
Kikubaaqudgha
Makhleb
Nemelex Xobeh
Okawaru
Qazlal
Ru
Sif Muna
Trog
Uskayaw
Vehumet
Wu Jian
Xom
Yredelemnul
Zin
The Shining One
Jiyva
Lugonu


Innate Abilities, Weirdness & Mutations

Your serpentine skin is tough. (AC +2)
You have supernaturally acute eyesight. (SInv)
Armour fits poorly on your strangely shaped body.
Your system is resistant to poisons. (rPois)
You cover ground very slowly.
You can spit poison.
You have a snake-like lower body.


Message History

The hornet stings you. The hornet stings you!
You feel yourself slow down.
You are too injured to fight recklessly!
You are too injured to fight recklessly!
You slash the hornet!
The hornet is heavily wounded.
The hornet stings you.
You are poisoned.
You feel as though you will be slow longer.
The hornet barely misses you.
Unknown command.
You hit the hornet.
The hornet is severely wounded.
You feel very sick. You block the hornet's attack.
The hornet barely misses you. The hornet closely misses you.
Unknown command.
You slash the hornet!
You kill the hornet!
Cheibriados appreciates the change of pace.
You feel very sick. You block the two-headed ogre's attack.
The two-headed ogre hits you with a +0 giant club.
Your Fighting skill increases to level 6!
Your Axes skill increases to level 6!
Your Shields skill increases to level 6!
Your Invocations skill increases to level 9!
You have reached level 7!
You slice the two-headed ogre!!
The two-headed ogre is heavily wounded.
You feel sick.
The two-headed ogre hits you with a +0 giant spiked club!
* * * LOW HITPOINT WARNING * * *
The two-headed ogre hits you with a +0 giant club!
* * * LOW HITPOINT WARNING * * *
You closely miss the two-headed ogre.
The two-headed ogre is heavily wounded.
You feel yourself speed up.
You feel sick.
The two-headed ogre hits you with a +0 giant spiked club!!
You die... ▓▓▓▓▓▓▓▓▓▓▓▓▓▓▓▓▓▓▓▓▓▓▓▓ ....WWO@.[.[.)..'_______ ▓▓▓▓▓▓▓▓▓▓▓▓▓▓▓▓▓▓▓▓▓▓▓▓

You could see a two-headed ogre, a wraith and a shadow (invisible).

Vanquished Creatures
  A hornet (D)
  A water moccasin (D)
  An orc warrior (D)
  A howler monkey (D)
  An orc wizard (D)
  An adder (D)
  2 orcs (D)
  An endoplasm (D)
  2 hobgoblins (D)
  A kobold (D)
  A rat (D)
13 creatures vanquished.

Notes
Turn   | Place    | Note
-------+----------+-------------------------------------------
     0 | D        | Groucho the Naga Fighter began the quest for the Orb.
     0 | D        | Reached XP level 1. HP: 21/21 MP: 1/1
     8 | D        | Reached skill level 1 in Invocations
    18 | D        | Reached skill level 2 in Invocations
    24 | D        | Noticed a water moccasin
    24 | D        | Noticed an orc wizard
    26 | D        | Reached XP level 2. HP: 28/28 MP: 3/3
    31 | D        | Reached skill level 3 in Invocations
    34 | D        | Reached skill level 4 in Invocations
    34 | D        | Reached XP level 3. HP: 29/36 MP: 3/6
    39 | D        | HP: 1/36 [water moccasin (7)]
    48 | D        | Killed a water moccasin
    49 | D        | Reached skill level 5 in Fighting
    49 | D        | Reached skill level 6 in Invocations
    49 | D        | Reached XP level 4. HP: 21/46 MP: 5/8
    49 | D        | Reached XP level 5. HP: 24/52 MP: 5/9
   336 | D        | Found a snail-covered altar of Cheibriados.
   336 | D        | Found a shadowy altar of Dithmenos.
   336 | D        | Found a white marble altar of Elyvilon.
   336 | D        | Found a blossoming altar of Fedhas.
   336 | D        | Found an opulent altar of Gozag.
   337 | D        | Found a hazy altar of Hepliaklqana.
   338 | D        | Found a viscous altar of Jiyva.
   339 | D        | Found an ancient bone altar of Kikubaaqudgha.
   340 | D        | Became a worshipper of Cheibriados the Contemplative
   341 | D        | Found a corrupted altar of Lugonu.
   342 | D        | Found a burning altar of Makhleb.
   343 | D        | Found a sparkling altar of Nemelex Xobeh.
   344 | D        | Found an iron altar of Okawaru.
   345 | D        | Found a stormy altar of Qazlal.
   346 | D        | Found a sacrificial altar of Ru.
   347 | D        | Found a shimmering blue altar of Sif Muna.
   348 | D        | Found a bloodstained altar of Trog.
   349 | D        | Found a hide-covered altar of Uskayaw.
   350 | D        | Found a radiant altar of Vehumet.
   351 | D        | Found an ornate altar of the Wu Jian Council.
   352 | D        | Found a shimmering altar of Xom.
   353 | D        | Found a basalt altar of Yredelemnul.
   354 | D        | Found a glowing silver altar of Zin.
   355 | D        | Found a glowing golden altar of the Shining One.
   399 | D        | Noticed a shadow
   399 | D        | Noticed a wraith
   399 | D        | Noticed a two-headed ogre
   399 | D        | Noticed a hornet
   399 | D        | Noticed an orc warrior
   415 | D        | Killed an orc warrior
   416 | D        | Reached skill level 5 in Axes
   416 | D        | Reached skill level 5 in Shields
   416 | D        | Reached skill level 7 in Invocations
   416 | D        | Reached XP level 6. HP: 29/62 MP: 9/11
   422 | D        | Reached * piety under Cheibriados
   423 | D        | Reached skill level 5 in Armour
   423 | D        | Reached skill level 8 in Invocations
   429 | D        | Paralysed by a hornet for 3 turns
   438 | D        | Killed a hornet
   439 | D        | Reached skill level 9 in Invocations
   439 | D        | Reached XP level 7. HP: 38/70 MP: 12/14
   440 | D        | Mangled by a two-headed ogre

Illustrated notes

Levels and vault maps discovered:
D:        linesprint [early_d, line_temple, items_1, d_10, items_2, lair_1,
          lair_end, items_3, orc_1, orc_end, items_4, d_15, swamp_1, shoals_1,
          snake_1, spider_1, d_20, vaults_1, items_5, swamp_end, shoals_end,
          snake_end, spider_end, vaults_end, d_27, items_6, zot_1, zot_end,
          crypt_end, forest_end, elf_end, slime_end, tomb_end, abyss_end,
          pan_hell_end]

Skill      XL: |  1  2  3  4  5  6 |
---------------+-------------------+-----
Invocations    | 2 4 6 7 9 |  9.3
Shields        | 3 4 5 6 |  6.2
Armour         | 3 4 5 |  5.6
Fighting       | 4 5 6 |  6.6
Axes           | 3 4 5 6 |  6.3

Action                     |  1- 3 |  4- 6 |  7- 9 || total
---------------------------+-------+-------+-------++-------
  Melee: War axe           |    36 |    32 |     2 ||    70
    Use: Potion            |     1 |     5 |       ||     6
   Stab: Invisible         |       |     4 |       ||     4
 Armour: Scale mail        |    13 |    13 |       ||    26
  Dodge: Dodged            |    17 |    15 |       ||    32
  Block: Buckler           |     7 |    13 |       ||    20
